Map: New Repugnancy LE

Players

Mez

  • Race: Protoss Protoss
  • League: Master
  • Spawn Location: 1:00

VenSaitto - Winner!

  • Race: Protoss Protoss
  • League: Diamond
  • Spawn Location: 7:00

VOD

Have the link to the VOD?

Description

Time

  • Played on: Aug. 17, 2019, 4:08 a.m.
  • Length: 8:45
Show
View Real Time Build Order
Export as new Build Order

Mez Protoss 

Build Orders:  

Get SALT Encoding   

  12  0:00  Probe  
  13  0:12  Probe  
  14  0:18  Pylon  
  14  0:24  Probe  
  15  0:36  Probe  
  15  0:38  Gateway  
  16  0:44  Probe  
  16  0:49  Assimilator  
  17  0:52  Probe  
  18  1:00  Assimilator  
  18  1:03  Probe  
  19  1:10  Gateway  
  19  1:15  Probe  
  20  1:27  Probe  
  21  1:33  Cybernetics Core  
  21  1:50  Zealot  
  21  2:00  Zealot  
  21  2:19  Stalker  
  22  2:41  Pylon  
  17  3:18  Nexus  
  11  4:09  Pylon  
  11  4:23  Pylon  
  11  4:36  Gateway  
  11  4:43  Probe  
  12  4:51  Assimilator  
  12  4:55  Probe  
  13  5:07  Gateway  
  13  5:12  Probe  
  14  5:26  Cybernetics Core  
  14  5:28  Probe  
  15  5:40  Probe  
  16  5:52  Probe  
  17  6:03  Robotics Facility  
  17  6:06  Stalker, Warp Gate  
  17  6:10  Probe  
  20  6:23  Probe  
  21  6:30  Stalker  
  23  6:35  Sentry, Probe  
  26  6:43  Immortal  
  30  7:07  Pylon  
  30  7:11  Assimilator  
  30  7:19  Immortal  
  34  7:34  Probe  
  35  7:47  Probe  
  36  7:54  Stalker  
  38  7:59  Pylon  
  38  8:19  Stalker  
Show
View Real Time Build Order
Export as new Build Order

VenSaitto Protoss - Winner!

Build Orders: Cannon Rush 

Get SALT Encoding   

  12  0:01  Probe  
  13  0:14  Pylon  
  13  0:17  Probe  
  14  0:29  Probe  
  15  0:36  Forge  
  15  0:42  Probe  
  16  0:50  Probe  
  17  0:57  Pylon  
  17  0:59  Probe  
  18  1:07  Probe  
  18  1:16  Probe  
  18  1:18  Photon Cannon  
  20  1:28  Pylon  
  20  1:33  Pylon  
  19  1:52  Photon Cannon  
  19  1:53  Photon Cannon  
  19  2:15  Photon Cannon  
  19  2:16  Photon Cannon  
  19  2:20  Probe  
  18  2:24  Gateway  
  18  2:27  Assimilator  
  18  2:28  Probe  
  19  2:36  Photon Cannon  
  20  2:42  Pylon  
  20  2:50  Probe  
  21  3:00  Photon Cannon  
  21  3:02  Probe  
  22  3:06  Photon Cannon  
  21  3:43  Zealot  
  21  3:45  Probe  
  21  3:48  Assimilator  
  24  3:57  Probe  
  24  4:02  Cybernetics Core  
  25  4:09  Probe  
  26  4:13  Zealot  
  28  4:23  Gateway  
  28  4:30  Warp Gate  
  28  4:32  Gateway  
  28  4:35  Stalker  
  30  4:56  Gateway  
  30  5:05  Stalker  
  30  5:07  Pylon  
  32  5:10  Pylon  
  32  5:18  Stalker  
  34  5:24  Stalker  
  36  5:40  Stalker  
  38  5:42  Stalker  
  40  5:51  Stalker  
  42  6:22  Stalker  
  42  6:23  Stalker x2  
  48  6:32  Stalker  
  50  6:47  Zealot x3  
  56  7:12  Nexus  
  56  7:14  Pylon  
  56  7:34  Photon Cannon  
  56  7:38  Robotics Facility  
  56  8:10  Zealot x3  
  56  8:11  Zealot  
Tags
 
Add a new tag
Caveats
  • Supply blocks, unpowered buildings, or Contaminate may cause inaccurate times.
  • Supply counts are checked every 10 seconds.